 Dungeon Crawl Stone Soup version 0.21.1-1-g345015fe64 (webtiles) character file.

473 Gargoyl the Distorting Centaur (level 6, -1/57 HPs)
             Began as a Centaur Abyssal Knight on July 5, 2018.
             Was a Believer of Lugonu.
             Slain by a scorpion (4 damage)
             ... in an ossuary.
             The game lasted 00:08:17 (5121 turns).

Gargoyl the Distorting Centaur (CeAK)               Turns: 5121, Time: 00:08:17

Health: -1/57      AC:  9    Str: 20    XL:     6   Next: 83%
Magic:  8/8        EV:  5    Int: 11    God:    Lugonu [**....]
Gold:   165        SH:  3    Dex: 10    Spells: 5/5 levels left

rFire    . . .     SeeInvis .   a - +1 hand axe
rCold    . . .     Gourm    .   i - +0 buckler
rNeg     . . .     Faith    .   d - +0 chain mail
rPois    .         Spirit   .   (no helmet)
rElec    .         Reflect  .   f - +0 cloak
rCorr    .         Harm     .   (no gloves)
MR       .....                  (no barding)
Stlth    ..........             (no amulet)
HPRegen  0.19/turn              (no ring)
MPRegen  0.11/turn              (no ring)

@: mighty, lethally poisoned (-1 -> -6), flying, hasted, very quick
A: large, hooves 3, deformed body, speed 2, robust 1, tough skin 3, wild magic 1
a: Depart the Abyss, Bend Space, Renounce Religion


You were in an ossuary.
You worshipped Lugonu.
Lugonu was pleased with you.
You were not hungry.

You visited 1 branch of the dungeon, and saw 4 of its levels.
You visited the Abyss 1 time.
You also visited: Ossuary.

You collected 165 gold pieces.

Inventory:

Hand Weapons
 a - a +1 hand axe (weapon)
Missiles
 b - 4 javelins (quivered)
Armour
 d - a +0 chain mail (worn)
 f - a +0 cloak (worn)
 i - a +0 buckler (worn)
Jewellery
 m - a cursed amulet of inaccuracy {unknown}
Scrolls
 g - a scroll of identify {unknown}
 k - a scroll of magic mapping
 l - a scroll of remove curse
 n - a scroll of fear {unknown}
 p - a scroll of teleportation {unknown}
Potions
 e - a potion of brilliance {unknown}
Comestibles
 c - 9 rations


   Skills:
 + Level 3.7 Fighting
 + Level 3.6 Axes
 * Level 3.4 Armour
 + Level 1.4 Dodging
 + Level 0.2 Shields
 * Level 3.9 Invocations


You had 5 spell levels left.
You didn't know any spells.

Dungeon Overview and Level Annotations

Branches:
Dungeon (4/15)
 Temple: D:4-7

Altars:
Okawaru

Annotations:
D:3 Goboxel's ghost, amateur HOFi


Innate Abilities, Weirdness & Mutations

You have hooves in place of feet.
Armour fits poorly on your strangely shaped body.
You cover ground very quickly.
You have extremely tough skin. (AC +3)
You are robust. (+10% HP)
Your spells are a little harder to cast, but a little more powerful.


Message History

You feel sick.
There is an open door here.
* * * LOW HITPOINT WARNING * * *
You feel sick.
Really fly into that spear trap? [Y]es or [N]o only, please.
Really fly into that spear trap? [Y]es or [N]o only, please.
Really fly into that spear trap? [Y]es or [N]o only, please.
Really fly into that spear trap? [Y]es or [N]o only, please.
Really fly into that spear trap?
Okay, then.
It was a potion of might.
You feel very mighty all of a sudden.
* * * LOW HITPOINT WARNING * * *
You feel sick.
It was a potion of haste.
You feel yourself speed up. The scorpion stings you.
You die...

#!?.#...#.....#.....#
+!.!#.^.'.....#.....#
#??M#^..#.....8.....#
##+#######'##...........#
#...#...#...#...........#
#...8...#...###8.....8###
#.......#...#...........#
##8...8###'##...........#
#.......#@^^#.....8.....#
#...8..Zs...#.....#.....#
#...#...#..^#.....#.....#
##+###########'#######'##
#...#...#.^.#...#...#
#...8...'...#...'...#
#.......#.^.#.?.#...#
##8...8##############
#.......#...#...#...#


You could see a scorpion and a scorpion zombie.

Vanquished Creatures
  An elf skeleton (D:4)
  2 scorpions (Ossuary)
  A centaur zombie (Ossuary)
  A human zombie (D:4)
  2 orc wizards (D:3)
  A big kobold zombie (Ossuary)
  A mummy (Ossuary)
  4 scorpion zombies (Ossuary)
  2 oozes
  2 worms (D:2)
  3 dart slugs
  6 leopard geckos
  8 orcs (D:3)
  2 ball pythons (D:2)
  2 giant cockroaches
  9 goblins
  12 hobgoblins
  4 jackals (D:2)
  3 bats (D:1)
  2 frilled lizards
  2 gnoll zombies (Ossuary)
  2 goblin zombies (Ossuary)
  3 hobgoblin zombies (Ossuary)
  11 kobolds
  2 kobold zombies (Ossuary)
  An orc zombie (D:4)
  7 rats
96 creatures vanquished.

Vanquished Creatures (others)
  A mummy (Ossuary)
1 creature vanquished.

Grand Total: 97 creatures vanquished

Notes
Turn   | Place    | Note
-------+----------+-------------------------------------------
     0 | Abyss:1  | Gargoyl the Centaur Abyssal Knight began the quest for the Orb.
     0 | Abyss:1  | Reached XP level 1. HP: 19/19 MP: 2/2
   107 | Abyss:2  | Noticed a mana viper
   109 | Abyss:2  | Noticed a starcursed mass
   118 | Abyss:2  | Noticed a ynoxinul
   119 | Abyss:2  | Noticed a ynoxinul
   121 | Abyss:2  | Found a corrupted altar of Lugonu.
   121 | Abyss:2  | Noticed a thrashing horror
   125 | D:1      | Escaped the Abyss
   825 | D:1      | Reached XP level 2. HP: 21/26 MP: 3/3
  1230 | D:1      | Reached * piety under Lugonu
  1628 | D:2      | Reached XP level 3. HP: 31/31 MP: 4/4
  2349 | D:2      | Reached XP level 4. HP: 36/38 MP: 6/6
  2613 | D:3      | Noticed Goboxel's ghost (amateur HOFi)
  2790 | D:3      | Found an iron altar of Okawaru.
  2904 | D:3      | Reached ** piety under Lugonu
  3431 | D:3      | Reached XP level 5. HP: 38/45 MP: 7/7
  3748 | D:4      | Reached skill level 1 in Dodging
  3778 | D:4      | Found a sand-covered staircase.
  3799 | Ossuary  | Entered an ossuary
  3972 | Ossuary  | Reached XP level 6. HP: 33/52 MP: 8/8
  5113 | Ossuary  | Gained mutation: You are robust. (+10% HP) [potion of mutation]
  5113 | Ossuary  | Gained mutation: Your spells are a little harder to cast, but a little more powerful. [potion of mutation]
  5113 | Ossuary  | Lost mutation: Your spells are a little harder to cast, but a little more powerful. [potion of mutation]
  5113 | Ossuary  | Gained mutation: Your spells are a little harder to cast, but a little more powerful. [potion of mutation]
  5121 | Ossuary  | Slain by a scorpion

Skill      XL: |  1  2  3  4  5 |
---------------+----------------+-----
Armour         | 2 3 |  3.4
Axes           | 2 3 |  3.6
Invocations    | 3 |  3.9
Dodging        | 1 |  1.4
Fighting       | |  3.7
Shields        | |  0.2

Action                   |  1- 3 |  4- 6 || total
-------------------------+-------+-------++-------
Melee: Hand axe          |   155 |   239 ||   394
       Kick              |    18 |    64 ||    82
Invok: Depart the Abyss  |     1 |       ||     1
  Use: Scroll            |     2 |     4 ||     6
       Potion            |       |     6 ||     6
  Eat: Chunk             |     3 |     4 ||     7
       Ration            |       |     2 ||     2
Armor: Chain mail        |   113 |   174 ||   287
       Leather armour    |     1 |       ||     1
       Skin              |       |     3 ||     3
Dodge: Dodged            |    49 |    47 ||    96
Block: Buckler           |       |    37 ||    37
